 Dungeon Sprint DCSS version 0.24-a0-583-g87330a4 (webtiles) character file.

Game seed: 9648622545041496404, levelgen mode: deterministic

3824 silentkaos13 the Nimble (level 10, -4/75 HPs)
             Began as a Gnoll Gladiator on Aug 28, 2019.
             Was a Follower of Hepliaklqana.
             Splashed by an oklob plant's acid (9 damage)
             ... in the Dungeon (Sprint I: "Red Sonja").
             The game lasted 00:07:40 (2661 turns).

silentkaos13 the Nimble (Gnoll Gladiator)           Turns: 2661, Time: 00:07:41

Health: -4/75      AC:  0    Str: 21    XL:     10   Next: 17%
Magic:  22/22      EV: 18    Int: 10    God:    Hepliaklqana [*.....]
Gold:   827        SH:  0    Dex: 16    Spells: 25/25 levels left

rFire    . . .     SeeInvis .   n - -2 long sword (curse)
rCold    . . .     Gourm    .   (no shield)
rNeg     + . .     Faith    .   l - +0 ring mail
rPois    .         Spirit   .   c - +0 helmet
rElec    .         Reflect  .   (no cloak)
rCorr    .         Harm     .   (no gloves)
MR       .....     NoTele   +   (no boots)
Stlth    +++.......             (no amulet)
HPRegen  0.22/turn              r - ring of positive energy
MPRegen  0.18/turn              (no ring)

@: corroded
A: distributed training, reduced essence, fangs 1, strong nose
a: Recall Ancestor, Ancestor Identity, Renounce Religion


You were in the Dungeon.
You worshipped Hepliaklqana.
Hepliaklqana was aware of your devotion.
You were not hungry.

You visited 1 branch You collected 957 gold pieces.
You spent 130 gold pieces at shops.

Inventory:

Hand Weapons
 a - a +0 trident
 n - a cursed -2 long sword (weapon)
Missiles
 d - 5 curare-tipped darts (quivered)
 f - 2 throwing nets
Armour
 b - a +0 leather armour
 c - a +0 helmet (worn)
 l - a +0 ring mail (worn)
Jewellery
 m - an uncursed ring of see invisible {unknown}
 r - a ring of positive energy (left hand)
Wands
 q - a wand of random effects (11)
Scrolls
 k - a scroll of blinking
Potions
 e - 3 potions of curing
 h - a potion of haste
 i - 2 potions of magic
 o - a potion of flight {unknown}
Comestibles
 p - 2 rations


   Skills:
 + Level 9.6 Fighting
 + Level 8.4 Short Blades
 + Level 8.4 Long Blades
 + Level 8.4 Axes
 + Level 8.4 Maces & Flails
 + Level 10.6 Polearms
 + Level 8.4 Staves
 + Level 8.4 Slings
 + Level 8.4 Bows
 + Level 8.4 Crossbows
 + Level 9.6 Throwing
 + Level 8.4 Armour
 + Level 10.6 Dodging
 + Level 8.4 Stealth
 + Level 8.4 Shields
 + Level 8.4 Unarmed Combat
 + Level 8.4 Spellcasting
 + Level 7.0 Conjurations
 + Level 7.0 Hexes
 + Level 7.0 Charms
 + Level 7.0 Summonings
 + Level 7.0 Necromancy
 + Level 7.0 Translocations
 + Level 7.0 Transmutations
 + Level 7.0 Fire Magic
 + Level 7.0 Ice Magic
 + Level 7.0 Air Magic
 + Level 7.0 Earth Magic
 + Level 7.0 Poison Magic
 + Level 9.2 Invocations
 + Level 8.4 Evocations


You had 25 spell levels left.
You didn't know any spells.
Your spell library was empty.

Dungeon Overview and Level Annotations

Branches:
Dungeon (1/1)

Altars:
Cheibriados
Dithmenos
Elyvilon
Fedhas
Gozag
Hepliaklqana
Kikubaaqudgha
Makhleb
Nemelex Xobeh
Okawaru
Qazlal
Ru
Sif Muna
Trog
Uskayaw
Vehumet
Wu Jian
Xom
Yredelemnul
Zin
The Shining One
Jiyva
Lugonu

Shops:
D [%[

Annotations:
D exclusion: oklob plant


Innate Abilities, Weirdness & Mutations

Your experience applies equally to all skills.
You have very sharp teeth.
Your uncanny sense of smell can sniff out nearby items.
Your life essence is reduced to manifest your ancestor. (-10% HP)


Message History

The mass of ice explodes!
The iceblast engulfs the oklob plant!!
The oklob plant is severely damaged.
Evoke which item? (* to show all) (? for menu, Esc to quit)
Aiming: Random Effects
Press: ? - help, Shift-Dir - straight line, f/p - oklob plant
Aim: an oklob plant (purple smoke, severely damaged) Nothing appears to happen.
The oklob plant spits acid at you. The splash of acid hits you!
You are splashed with acid!
* * * LOW HITPOINT WARNING * * *
Evoke which item? (* to show all) (? for menu, Esc to quit)
Aiming: Random Effects
Press: ? - help, Shift-Dir - straight line, f/p - oklob plant
Aim: an oklob plant (severely damaged)
The oklob plant resists with significant effort.
The oklob plant spits acid at you. The splash of acid hits you!
* * * LOW HITPOINT WARNING * * *
The acid corrodes you!
You are splashed with acid!
You die...

###################
).#.)'..#__#..'...#∆∆
∆ ..'..#..'..'..#)).#
∆ #'#####'#__####...+
∆ ..#...#.####..#####
∆ ###..##.#§≈≈§.#..#
__##'#_.'§§§§§'..#
...'..._#§≈§§§#.@#
__##_.#'##'#####'#
__###'#.#§§..###P+∆
#####)####'###.###∆
...'...'.....'.∩#
####...########## ∆ ∆
###.### ∆ ∆ #.#'#.# ∆
∆ #.....# ∆∆ ∆


You could see an oklob plant.

Vanquished Creatures
  2 centaur warriors (D)
  A deep troll (D)
  A kobold demonologist (D)
  A slime creature (D)
  Sigmund (D)
  A yak (D)
  A floating eye (D)
  An ogre (D)
  A jelly (D)
  Ijyb (D)
  3 ballistomycetes (D)
14 creatures vanquished.

Vanquished Creatures (collateral kills)
  Sonja (D)
  A kobold demonologist (D)
  A hornet (D)
3 creatures vanquished.

Vanquished Creatures (others)
  5 ancestors (D)
  2 ballistomycete spores (D)
7 creatures vanquished.

Grand Total: 24 creatures vanquished

Notes
Turn   | Place    | Note
-------+----------+-------------------------------------------
     0 | D        | silentkaos13 the Gnoll Gladiator began the quest for the
                  | Orb.
     0 | D        | Reached XP level 1. HP: 20/20 MP: 1/1
     1 | D        | Noticed Ijyb
    12 | D        | Killed Ijyb
    12 | D        | Reached skill level 1 in Short Blades
    12 | D        | Reached skill level 1 in Long Blades
    12 | D        | Reached skill level 1 in Axes
    12 | D        | Reached skill level 1 in Maces & Flails
    12 | D        | Reached skill level 1 in Staves
    12 | D        | Reached skill level 1 in Slings
    12 | D        | Reached skill level 1 in Bows
    12 | D        | Reached skill level 1 in Crossbows
    12 | D        | Reached skill level 1 in Armour
    12 | D        | Reached skill level 1 in Stealth
    12 | D        | Reached skill level 1 in Shields
    12 | D        | Reached skill level 1 in Unarmed Combat
    12 | D        | Reached skill level 1 in Spellcasting
    12 | D        | Reached skill level 1 in Conjurations
    12 | D        | Reached skill level 1 in Hexes
    12 | D        | Reached skill level 1 in Charms
    12 | D        | Reached skill level 1 in Summonings
    12 | D        | Reached skill level 1 in Necromancy
    12 | D        | Reached skill level 1 in Translocations
    12 | D        | Reached skill level 1 in Transmutations
    12 | D        | Reached skill level 1 in Fire Magic
    12 | D        | Reached skill level 1 in Ice Magic
    12 | D        | Reached skill level 1 in Air Magic
    12 | D        | Reached skill level 1 in Earth Magic
    12 | D        | Reached skill level 1 in Poison Magic
    12 | D        | Reached skill level 1 in Invocations
    12 | D        | Reached skill level 1 in Evocations
    12 | D        | Reached XP level 2. HP: 26/26 MP: 1/4
    12 | D        | Reached XP level 3. HP: 32/32 MP: 1/5
    69 | D        | Noticed an ogre
    79 | D        | Killed an ogre
    79 | D        | Reached skill level 5 in Fighting
    79 | D        | Reached skill level 5 in Throwing
    79 | D        | Reached XP level 4. HP: 7/39 MP: 5/8
   335 | D        | Noticed Sigmund
   348 | D        | Killed Sigmund
   348 | D        | Reached XP level 5. HP: 31/46 MP: 8/11
   348 | D        | Reached XP level 6. HP: 35/52 MP: 8/12
   454 | D        | Found an ornate altar of the Wu Jian Council.
   454 | D        | Found a shimmering blue altar of Sif Muna.
   456 | D        | Found a radiant altar of Vehumet.
   492 | D        | Found Ylefeghuec's Food Emporium.
   492 | D        | Found an ancient bone altar of Kikubaaqudgha.
   492 | D        | Found a hazy altar of Hepliaklqana.
   492 | D        | Found a stormy altar of Qazlal.
   492 | D        | Found a hide-covered altar of Uskayaw.
   492 | D        | Found a blossoming altar of Fedhas.
   492 | D        | Found a bloodstained altar of Trog.
   492 | D        | Found an iron altar of Okawaru.
   492 | D        | Found a basalt altar of Yredelemnul.
   492 | D        | Found a glowing golden altar of the Shining One.
   492 | D        | Found a snail-covered altar of Cheibriados.
   492 | D        | Found a sacrificial altar of Ru.
   492 | D        | Found a glowing silver altar of Zin.
   492 | D        | Found a shadowy altar of Dithmenos.
   492 | D        | Found a white marble altar of Elyvilon.
   492 | D        | Noticed a yak
   502 | D        | Killed a yak
   502 | D        | Reached skill level 5 in Short Blades
   502 | D        | Reached skill level 5 in Long Blades
   502 | D        | Reached skill level 5 in Axes
   502 | D        | Reached skill level 5 in Maces & Flails
   502 | D        | Reached skill level 5 in Staves
   502 | D        | Reached skill level 5 in Slings
   502 | D        | Reached skill level 5 in Bows
   502 | D        | Reached skill level 5 in Crossbows
   502 | D        | Reached skill level 5 in Armour
   502 | D        | Reached skill level 5 in Stealth
   502 | D        | Reached skill level 5 in Shields
   502 | D        | Reached skill level 5 in Unarmed Combat
   502 | D        | Reached skill level 5 in Spellcasting
   502 | D        | Reached skill level 5 in Invocations
   502 | D        | Reached skill level 5 in Evocations
   502 | D        | Reached XP level 7. HP: 11/59 MP: 12/14
   503 | D        | Found an opulent altar of Gozag.
   751 | D        | Found a sparkling altar of Nemelex Xobeh.
   757 | D        | Became a worshipper of Hepliaklqana the Forgotten
   768 | D        | Found a burning altar of Makhleb.
   768 | D        | Found a viscous altar of Jiyva.
   768 | D        | Found a shimmering altar of Xom.
   768 | D        | Found a corrupted altar of Lugonu.
   768 | D        | Noticed a slime creature
   780 | D        | Killed a slime creature
   805 | D        | Noticed a kobold demonologist
   806 | D        | Noticed a kobold demonologist
   820 | D        | Noticed a sixfirhy
   823 | D        | Killed a kobold demonologist
   823 | D        | Reached skill level 5 in Conjurations
   823 | D        | Reached skill level 5 in Hexes
   823 | D        | Reached skill level 5 in Charms
   823 | D        | Reached skill level 5 in Summonings
   823 | D        | Reached skill level 5 in Necromancy
   823 | D        | Reached skill level 5 in Translocations
   823 | D        | Reached skill level 5 in Transmutations
   823 | D        | Reached skill level 5 in Fire Magic
   823 | D        | Reached skill level 5 in Ice Magic
   823 | D        | Reached skill level 5 in Air Magic
   823 | D        | Reached skill level 5 in Earth Magic
   823 | D        | Reached skill level 5 in Poison Magic
   823 | D        | Reached XP level 8. HP: 59/61 MP: 15/17
   829 | D        | Noticed a red devil
   838 | D        | Killed a kobold demonologist
  1112 | D        | Noticed Sonja
  1181 | D        | Killed Sonja
  1181 | D        | Reached XP level 9. HP: 18/67 MP: 17/19
  1447 | D        | Found Yckiluer's Armour Boutique.
  1467 | D        | Noticed a deep troll
  1483 | D        | Killed a deep troll
  1483 | D        | Reached skill level 10 in Polearms
  1483 | D        | Reached skill level 10 in Dodging
  1498 | D        | Found Rycummep's Armour Emporium.
  1498 | D        | Reached * piety under Hepliaklqana
  1976 | D        | Noticed a centaur warrior
  1978 | D        | Noticed a centaur warrior
  1993 | D        | Killed a centaur warrior
  1994 | D        | Killed a centaur warrior
  1994 | D        | Reached XP level 10. HP: 21/74 MP: 20/22
  2387 | D        | Noticed an oklob plant
  2632 | D        | Bought a ration for 65 gold pieces
  2632 | D        | Bought a ration for 65 gold pieces
  2661 | D        | Splashed by an oklob plant's acid

Levels and vault maps discovered:
D:        dungeon_sprint_1 [red_sonja_temple_1, red_sonja_temple_small_1]

Skill      XL: |  1  2  3  4  5  6  7  8  9 10 |
---------------+-------------------------------+-----
Short Blades   | 1 3 4 5 6 7 8 |  8.4
Long Blades    | 1 3 4 5 6 7 8 |  8.4
Axes           | 1 3 4 5 6 7 8 |  8.4
Maces & Flails | 1 3 4 5 6 7 8 |  8.4
Staves         | 1 3 4 5 6 7 8 |  8.4
Slings         | 1 3 4 5 6 7 8 |  8.4
Bows           | 1 3 4 5 6 7 8 |  8.4
Crossbows      | 1 3 4 5 6 7 8 |  8.4
Armour         | 1 3 4 5 6 7 8 |  8.4
Stealth        | 1 3 4 5 6 7 8 |  8.4
Shields        | 1 3 4 5 6 7 8 |  8.4
Unarmed Combat | 1 3 4 5 6 7 8 |  8.4
Spellcasting   | 1 3 4 5 6 7 8 |  8.4
Conjurations   | 1 2 3 4 5 6 7 |  7.0
Hexes          | 1 2 3 4 5 6 7 |  7.0
Charms         | 1 2 3 4 5 6 7 |  7.0
Summonings     | 1 2 3 4 5 6 7 |  7.0
Necromancy     | 1 2 3 4 5 6 7 |  7.0
Translocations | 1 2 3 4 5 6 7 |  7.0
Transmutations | 1 2 3 4 5 6 7 |  7.0
Fire Magic     | 1 2 3 4 5 6 7 |  7.0
Ice Magic      | 1 2 3 4 5 6 7 |  7.0
Air Magic      | 1 2 3 4 5 6 7 |  7.0
Earth Magic    | 1 2 3 4 5 6 7 |  7.0
Poison Magic   | 1 2 3 4 5 6 7 |  7.0
Invocations    | 1 3 4 5 6 7 9 |  9.2
Evocations     | 1 3 4 5 6 7 8 |  8.4
Fighting       | 5 6 7 8 9 |  9.6
Polearms       | 7 8 9 10 | 10.6
Throwing       | 5 6 7 8 9 |  9.6
Dodging        | 7 8 9 10 | 10.6

Action                   |  1- 3 |  4- 6 |  7- 9 | 10-12 || total
-------------------------+-------+-------+-------+-------++-------
Melee: Trident           |    18 |    24 |    80 |       ||   122
       Bite              |     2 |     5 |    10 |     7 ||    24
       Punch             |       |     1 |     5 |     1 ||     7
       Unarmed           |       |       |    10 |       ||    10
       Long sword        |       |       |    12 |    19 ||    31
Throw: Throwing net      |     1 |     1 |     2 |       ||     4
       Dart              |       |       |    11 |       ||    11
Invok: Ancestor Identity |       |       |       |     2 ||     2
Evoke: Wand              |       |       |       |     4 ||     4
  Use: Potion            |       |       |     2 |       ||     2
       Scroll            |       |       |     1 |       ||     1
 Stab: Held in net/web   |       |     2 |       |       ||     2
       Sleeping          |       |     3 |     1 |     1 ||     5
  Eat: Ration            |       |       |     1 |     1 ||     2
       Chunk             |       |       |       |     1 ||     1
Armor: Leather armour    |     1 |       |       |       ||     1
       Ring mail         |       |     1 |    33 |       ||    34
       Skin              |       |       |    15 |       ||    15
Dodge: Dodged            |    12 |     5 |    79 |     6 ||   102
       Rpst.: Long sword |       |       |     3 |     4 ||     7

Table legend:
 A = Non-vault XP
 B = Vault XP
 C = Vault XP percentage of total XP
 D = Non-vault monster count
 E = Vault monster count
 F = Vault count percentage of total count
                 A         B        C        D         E       F
            +---------+---------+-------+---------+---------+-------
      Total |       0 |    5463 | 100.0 |       0 |      14 | 100.0
            +---------+---------+-------+---------+---------+-------
          D |       0 |    5463 | 100.0 |       0 |      14 | 100.0
            +---------+---------+-------+---------+---------+-------
